 Dungeon Crawl Stone Soup version 0.29.0-15-g675c0067aa (webtiles) character file.

Game seed: 12664475349983813956

907 mtoz the Covered (level 7, -9/63 HPs)
             Began as a Minotaur Fighter on Sept 11, 2022.
             Was a Follower of Okawaru.
             Killed from afar by Dowan (20 damage)
             ... with a shard of ice
             ... on level 6 of the Dungeon.
             The game lasted 00:16:40 (5547 turns).

mtoz the Covered (Minotaur Fighter)                 Turns: 5547, Time: 00:16:40

Health: -9/63      AC: 12    Str: 22    XL:     7   Next: 81%
Magic:  6/6        EV:  8    Int:  5    God:    Okawaru [*.....]
Gold:   208        SH:  5    Dex: 10    Spells: 6/6 levels left

rFire   . . .      SeeInvis +   e - +0 hand axe
rCold   . . .      Faith    +   c - +0 buckler
rNeg    . . .      Spirit   .   l - +0 chain mail
rPois   +          Reflect  .   (helmet restricted)
rElec   .          Harm     .   (no cloak)
rCorr   .          Rampage  .   (no gloves)
Will    .....                   B - +1 pair of boots
Stlth   ..........              z - amulet of faith
HPRegen 0.20/turn               k - ring of see invisible
MPRegen 0.10/turn               b - ring of poison resistance

@: no status effects
A: horns 2, retaliatory headbutt
a: Renounce Religion, Heroism


You were on level 6 of the Dungeon.
You worshipped Okawaru.
Okawaru was aware of your devotion.
You visited 2 branches of the dungeon, and saw 7 of its levels.

You collected 208 gold pieces.

Inventory:

Hand Weapons
 a - a +0 war axe
 e - a +0 hand axe (weapon)
 r - a +1 vorpal flail
 w - a +0 spear
 y - a +0 morningstar
Armour
 c - a +0 buckler (worn)
 l - a +0 chain mail (worn)
 B - a +1 pair of boots (worn)
Jewellery
 b - a ring of poison resistance (right hand)
 k - a ring of see invisible (left hand)
 z - an amulet of faith (around neck)
Wands
 j - a wand of roots (5) (quivered)
Scrolls
 g - 2 scrolls of amnesia
 h - a scroll of enchant weapon
 i - a scroll of enchant armour
 n - 2 scrolls of vulnerability {unknown}
 o - a scroll of immolation {unknown}
 p - a scroll of magic mapping
 q - 2 scrolls of poison {unknown}
Potions
 d - 2 potions of heal wounds
 f - 2 potions of brilliance
 m - a potion of magic
 s - a potion of invisibility {unknown}
 x - a potion of curing


   Skills:
 * Level 6.0 Fighting
 * Level 5.4 Axes
 * Level 6.2 Armour
 + Level 2.7 Dodging
 * Level 6.0 Shields
 * Level 1.0 Invocations
 * Level 1.0 Evocations


You had 6 spell levels left.
You didn't know any spells.
Your spell library contained the following spells:

 Spells                   Type           Power      Damage    Failure   Level
 Ozocubu's Armour         Ice            0%         N/A       100%        3
 Portal Projectile        Hex/Tloc       0%         N/A       100%        3
 Blade Hands              Tmut           0%         N/A       100%        5
 Ozocubu's Refrigeration  Ice            0%         4d7       100%        7
 Tukima's Dance           Hex            Unusable   N/A       N/A         3
 Summon Ice Beast         Ice/Summ       Unusable   N/A       N/A         4
 Summon Mana Viper        Hex/Summ       Unusable   N/A       N/A         5
 Monstrous Menagerie      Summ           Unusable   N/A       N/A         7

Dungeon Overview and Level Annotations

Branches:
Dungeon (6/15)             Temple (1/1) D:4

Altars:
Elyvilon
Gozag
Okawaru
Ru
Sif Muna
Wu Jian

Shops:
D:2 (   D:3 [   D:5 *

Annotations:
D:3 3 runed translucent doors, Ge0ff's ghost, weakling MeNe; MisterFreud's ghost, amateur MeFi; mabla's ghost, weakling DEVM
D:6 Dowan


Innate Abilities, Weirdness & Mutations

You have a pair of horns on your head.
You reflexively headbutt those who attack you in melee.


Message History

Dowan blinks!
Dowan casts a spell at you. The shard of ice hits you!!
You are too injured to fight recklessly!
You are too injured to fight recklessly!
You are too injured to fight recklessly!
You are too injured to fight recklessly!
You closely miss Dowan.
Dowan is moderately wounded.
Dowan hits you but does no damage. Dowan barely misses you.
You slash Dowan! Your headbutt misses Dowan.
Dowan is severely wounded.
Dowan casts a spell at you. The stone arrow hits you!
You hit Dowan.
Dowan is almost dead.
Dowan gestures wildly while chanting.
Dowan blinks!
You closely miss Dowan.
Dowan is almost dead.
Dowan completely misses you. You furiously retaliate!
You headbutt Dowan. You hit Dowan.
Dowan is almost dead.
You block Dowan's attack. Dowan hits you but does no damage.
You miss Dowan. Your headbutt misses Dowan.
Dowan is almost dead.
Dowan gestures wildly while chanting.
Dowan blinks!
Dowan casts a spell at you. The stone arrow hits you!!
* * * LOW HITPOINT WARNING * * *
Aiming: Fastroot
Press: ? - help, Q - select action, (/) - cycle Shift-Dir - straight line, f - Dowan
Aim: Dowan, wielding a +0 dagger and wearing a +0 robe (almost dead, fast)
The roots erupt in riotous growth!
Roots grab Dowan.
The grasping roots constrict Dowan.
Dowan points at you and mumbles some strange words.
The shard of ice hits you!!
You die...

###### .....#
###..###################
##............).@......#
###.......#######ยง###..#
###..##.#....... .#
......#...###### e#
###...##### .. #...# ##
#..... ..#.##.# #.#.# #


You could see Dowan (fast, rooted).

Vanquished Creatures
  Grinder (D:4)
  Duvessa (D:6)
  An ogre (D:4)
  A scorpion (D:5)
  A hound (D:5)
  4 orc priests
  A jelly (D:4)
  An iguana (D:5)
  3 orc wizards (D:4)
  A gnoll (D:1)
  4 adders
  A shadow imp (D:5)
  A white imp (D:6)
  An ufetubus (D:4)
  2 worms
  3 dart slugs
  8 orcs
  10 ball pythons
  5 endoplasms
  2 giant cockroaches
  5 goblins
  5 hobgoblins
  3 quokkas
  6 bats
  2 frilled lizards (D:1)
  9 kobolds
  5 rats
87 creatures vanquished.

Vanquished Creatures (collateral kills)
  An orc priest (D:4)
  An orc (D:4)
2 creatures vanquished.

Vanquished Creatures (others)
  15 fungi (D:5)
  4 withered plants (D:3)
19 creatures vanquished.

Grand Total: 108 creatures vanquished

Notes
Turn   | Place    | Note
-------+----------+-------------------------------------------
     0 | D:1      | mtoz the Minotaur Fighter began the quest for the Orb.
     0 | D:1      | Reached XP level 1. HP: 19/19 MP: 0/0
    46 | D:1      | Reached XP level 2. HP: 27/27 MP: 1/1
   640 | D:2      | Reached XP level 3. HP: 33/33 MP: 2/2
  1245 | D:2      | Found Kytis's Antique Weapon Shoppe.
  1710 | D:3      | Found a faded altar of an unknown god.
  1715 | D:3      | Reached skill level 1 in Dodging
  1787 | D:3      | Found a runed translucent gate.
  1787 | D:3      | Found a runed translucent gate.
  1787 | D:3      | Found a runed translucent gate.
  1788 | D:3      | Noticed mabla's ghost (weakling DEVM)
  1795 | D:3      | Noticed MisterFreud's ghost (amateur MeFi)
  1795 | D:3      | Noticed Ge0ff's ghost (weakling MeNe)
  1804 | D:3      | Found Piok's Armour Shop.
  1872 | D:3      | Reached XP level 4. HP: 39/40 MP: 3/3
  2044 | D:3      | Found an opulent altar of Gozag.
  2284 | D:4      | Found a sacrificial altar of Ru.
  2523 | D:4      | Reached XP level 5. HP: 4/47 MP: 4/4
  2523 | D:4      | HP: 2/47 [something (3)]
  2793 | D:5      | Entered Level 5 of the Dungeon
  3069 | D:5      | Reached skill level 5 in Armour
  3182 | D:5      | Reached skill level 5 in Fighting
  3182 | D:5      | Reached skill level 5 in Shields
  3182 | D:5      | Reached XP level 6. HP: 42/56 MP: 5/5
  3535 | D:4      | Found a staircase to the Ecumenical Temple.
  3822 | Temple   | Entered the Ecumenical Temple
  3975 | Temple   | Became a worshipper of Warmaster Okawaru
  4108 | D:4      | Noticed Grinder
  4121 | D:4      | Killed Grinder
  4121 | D:4      | Reached * piety under Okawaru
  4122 | D:4      | Reached skill level 5 in Axes
  4122 | D:4      | Reached XP level 7. HP: 38/62 MP: 6/6
  4746 | D:5      | Found Upei's Lightly-Used Armoury.
  5528 | D:6      | Noticed Duvessa
  5529 | D:6      | Noticed Dowan
  5535 | D:6      | Killed Duvessa
  5536 | D:6      | Reached skill level 1 in Invocations
  5536 | D:6      | Reached skill level 1 in Evocations
  5547 | D:6      | Killed from afar by Dowan

Illustrated notes

Levels and vault maps discovered:
D:1:      minmay_arrival_shattered_statue, layout_loops_cross
D:2:      layout_loops_corners, serial_shops, nicolae_shop_waterfront
D:3:      layout_basic, nicolae_gozag_seed_capital, serial_shops,
          nicolae_shop_stone, gammafunk_ghost_cemetery,
          hellmonk_ecumenical_altar_pennies_from_heaven
D:4:      layout_basic, mainiacjoe_overflow_concentric_impassable,
          minmay_temple_entry_wispy, hangedman_decor_lopped,
          amcnicky_mini_pool_small, kennysheep_generic_room_12, uniq_grinder
D:5:      layout_basic, serial_aquarium, aquarium_bridge_square
          [aquarium_subvault_window, aquarium_subvault_wall,
          aquarium_subvault_wall, aquarium_subvault_bridge],
          aquarium_bridge_straight [aquarium_subvault_bridge,
          aquarium_subvault_wall, aquarium_subvault_bridge,
          aquarium_subvault_wall], aquarium_window_corner,
          aquarium_window_corner, aquarium_window_fake, aquarium_view_2b,
          aquarium_view_2d, aquarium_balcony_3b, minmay_shop_damaged
D:6:      layout_loops_ring, chequers_temple_overflow_statue_of_worship,
          item_on_display_a, uniq_duvessa
Temple:   bh_familiar_temple

Skill      XL: |  1  2  3  4  5  6  7 |
---------------+----------------------+-----
Armour         | 4 5 6 |  6.2
Shields        | 4 5 6 |  6.0
Fighting       | 4 5 6 |  6.0
Axes           | 3 4 5 |  5.4
Dodging        | 1 2 |  2.7
Invocations    | 1 |  1.0
Evocations     | 1 |  1.0

Action                   |  1- 3 |  4- 6 |  7- 9 || total
-------------------------+-------+-------+-------++-------
Melee: War axe           |    94 |    46 |       ||   140
       Headbutt          |     8 |    21 |     7 ||    36
       Hand axe          |       |    68 |    54 ||   122
Evoke: Wand              |       |       |     4 ||     4
  Use: Potion            |       |     2 |     4 ||     6
       Scroll            |       |     7 |     3 ||    10
Armor: Scale mail        |    42 |       |       ||    42
       Chain mail        |    12 |    55 |    22 ||    89
Dodge: Dodged            |    30 |    29 |    11 ||    70
Block: Buckler           |    25 |    21 |    13 ||    59
